 Dungeon Crawl Stone Soup version 0.25.1-2-g60ff931df9 (webtiles) character file.

Game seed: 13012898615100728057

492 ArchParadox the Cudgeler (level 7, 0/44 HPs)
             Began as a Gargoyle Fighter on Sept 21, 2020.
             Slain by an ogre
             ... wielding a +0 giant club
              (14 damage)
             ... on level 4 of the Dungeon.
             The game lasted 00:11:29 (2852 turns).

ArchParadox the Cudgeler (Gargoyle Fighter)         Turns: 2852, Time: 00:11:29

Health: 0/44       AC: 14    Str: 21    XL:     7   Next: 14%
Magic:  7/7        EV:  7    Int:  9    God:
Gold:   286        SH:  9    Dex:  9    Spells: 6/6 levels left

rFire    . . .     SeeInvis .   a - +0 flail
rCold    . . .     Gourm    .   c - +0 kite shield
rNeg     + . .     Faith    .   b - +0 scale mail
rPois    ∞         Spirit   .   s - +0 helmet
rElec    +         Reflect  .   C - scarf {+Inv}
rCorr    .         Harm     .   y - +0 pair of gloves
MR       .....                  (no boots)
Stlth    ..........             (no amulet)
HPRegen  0.14/turn              (no ring)
MPRegen  0.10/turn              (no ring)

@: no status effects
A: negative energy resistance 1, electricity resistance, unbreathing,
petrification resistance, rot immunity, AC +4
a: Evoke Invisibility


You were on level 4 of the Dungeon.
You were not hungry.

You visited 1 branch of the dungeon, and saw 5 of its levels.

You collected 286 gold pieces.

Inventory:

Hand Weapons
 a - a +0 flail (weapon)
 q - a +1 spear of venom
Missiles
 j - 246 stones (quivered)
 x - 15 sling bullets
Armour
 b - a +0 scale mail (worn)
 c - a +0 kite shield (worn)
 s - a +0 helmet (worn)
 y - a +0 pair of gloves (worn)
 C - a scarf of invisibility (worn)
Wands
 B - a wand of digging (4)
 D - a wand of disintegration (11)
Scrolls
 g - a scroll of fog {unknown}
 k - 2 scrolls of remove curse
 l - 2 scrolls of teleportation
 m - a scroll of random uselessness {unknown}
 o - a scroll of fear {unknown}
 p - 2 scrolls of magic mapping
Potions
 d - 2 potions of might
 e - a potion of stabbing
 h - a potion of curing
 i - a potion of berserk rage {unknown}
 n - a potion of degeneration {unknown}
 r - a potion of resistance {unknown}
 u - a potion of invisibility {unknown}
 v - a potion of brilliance {unknown}
 w - a potion of haste
 z - a potion of ambrosia {unknown}
 A - a potion of lignification {unknown}
Comestibles
 f - 2 rations
 t - a chunk of flesh


   Skills:
 * Level 5.6 Fighting
 * Level 6.2 Maces & Flails
 + Level 3.3 Armour
 - Level 3.2 Shields


You had 6 spell levels left.
You didn't know any spells.
Your spell library was empty.

Dungeon Overview and Level Annotations

Branches:
Dungeon (5/15)
 Temple: D:4-7

Altars:
Fedhas
Hepliaklqana
Yredelemnul

Annotations:
D:3 exclusion: downstairs


Innate Abilities, Weirdness & Mutations

You are resistant to torment.
Your stone body is resilient. (AC +4)
You are immune to poison.
You resist negative energy. (rN+)
You are resistant to electric shocks. (rElec)
You can survive without breathing.
You are immune to petrification.
You are immune to rotting.


Message History

The ogre hits you with a +0 giant club!!
Ouch! That really hurt!
You barely miss the adder. The adder completely misses you.
The ogre hits you with a +0 giant club. The adder closely misses you.
You block the adder's attack. The adder bites you.
* * * LOW HITPOINT WARNING * * *
There is a stone staircase leading up here.
The adder bites you.
* * * LOW HITPOINT WARNING * * *
The ogre hits you but does no damage.
You climb upwards.
Level annotation: exclusion: downstairs
There is a stone staircase leading down here.
You climb downwards.
There is a stone staircase leading up here.
Found a scroll of identify.
You see here a scroll of identify.
The ogre hits you with a +0 giant club!
You die...

#....<.....###
#..........# ...
###.##..?..# #......
#.###.$..# .....O. #.#
#.#.###....... #.#
#.#...#........ #.#
#.##...........
###.####.##..#...$....
#...##....#.@#........
#.#..#....#O.<......).
#.....?.#......#......
#≈≈≈.≈≈≈#....)........
#≈#≈.≈#≈#.......#####
#≈≈≈.≈≈≈#.#...#.#
#≈≈≈.≈≈≈#...###..#
#≈#≈.≈#≈#...# ....
#≈≈≈.≈≈≈#...# .....


You could see an ogre.

Vanquished Creatures
  Sigmund (D:2)
  A scorpion (D:2)
  An orc priest (D:3)
  An orc wizard (D:3)
  A worker ant (D:4)
  Robin (D:2)
  3 gnolls (D:3)
  9 adders
  A worm (D:2)
  A leopard gecko (D:1)
  5 orcs
  6 bats
  A giant cockroach (D:2)
  17 goblins
  7 hobgoblins
  11 jackals
  3 kobolds
  3 quokkas
  A ball python (D:3)
  2 frilled lizards
  7 rats
83 creatures vanquished.

Notes
Turn   | Place    | Note
-------+----------+-------------------------------------------
     0 | D:1      | ArchParadox the Gargoyle Fighter began the quest for the
                  | Orb.
     0 | D:1      | Reached XP level 1. HP: 14/14 MP: 1/1
    77 | D:2      | Noticed Robin
    87 | D:2      | Noticed a scorpion
    88 | D:2      | Reached XP level 2. HP: 17/19 MP: 2/2
    99 | D:2      | Killed a scorpion
    99 | D:2      | Reached skill level 3 in Maces & Flails
    99 | D:2      | Reached XP level 3. HP: 16/24 MP: 3/3
    99 | D:2      | Reached XP level 4. HP: 19/29 MP: 4/4
   206 | D:2      | Noticed Sigmund
   209 | D:2      | Killed Robin
   633 | D:1      | Reached skill level 4 in Maces & Flails
   883 | D:2      | Found a basalt altar of Yredelemnul.
   942 | D:2      | Killed Sigmund
   942 | D:2      | Reached skill level 5 in Fighting
   942 | D:2      | Reached skill level 5 in Maces & Flails
   942 | D:2      | Reached XP level 5. HP: 27/35 MP: 5/5
   942 | D:2      | Reached XP level 6. HP: 31/40 MP: 6/6
  1041 | D:2      | Found a blossoming altar of Fedhas.
  2440 | D:3      | Reached skill level 6 in Maces & Flails
  2559 | D:3      | Reached XP level 7. HP: 38/44 MP: 7/7
  2737 | D:4      | Found a hazy altar of Hepliaklqana.
  2823 | D:5      | Entered Level 5 of the Dungeon
  2852 | D:4      | Slain by an ogre

Illustrated notes

Levels and vault maps discovered:
D:1:      dpeg_arrival_arbitrary_c, layout_loops_ring, minmay_cupped
D:2:      layout_basic, yredelemnul_altar_generic, serial_bayou_pond_a,
          fedhas_altar_3, uniq_sigmund, uniq_jessica, uniq_robin
D:3:      layout_rooms
D:4:      layout_rooms, overflow_temple_1_default,
          nicolae_overflow_crystal_walls, chequers_temple_overflow_minitemple,
          temple_hall_moat, first_ration, moated_statue, hex_medium,
          corexii_leaking_fountain, minmay_hollow_rounded_squares,
          uniq_blork_the_orc
D:5:      layout_rooms, lemuel_doored_altar, serial_shops, shop,
          minmay_misc_feat_chi

Skill      XL: |  1  2  3  4  5  6 |
---------------+-------------------+-----
Fighting       | 4 5 |  5.6
Maces & Flails | 3 5 6 |  6.2
Armour         | |  3.3
Shields        | |  3.2

Action                   |  1- 3 |  4- 6 |  7- 9 || total
-------------------------+-------+-------+-------++-------
Melee: Flail             |    24 |   249 |    38 ||   311
Throw: Stone             |       |     3 |       ||     3
  Use: Scroll            |       |     7 |       ||     7
       Potion            |       |     1 |       ||     1
  Eat: Chunk             |       |     6 |     1 ||     7
Armor: Scale mail        |     6 |   161 |    23 ||   190
Dodge: Dodged            |     7 |    81 |    11 ||    99
Block: Kite shield       |    10 |   152 |    16 ||   178
